 Dungeon Crawl Stone Soup version 0.24-a0-433-gbe6fa4f6cc (webtiles) character file.

Game seed: 4158086675303244599

89 MrRokkomies the Gusty (level 4, -1/36 HPs)
             Began as a Tengu Air Elementalist on June 14, 2019.
             Slain by an orc (3 damage)
             ... on level 2 of the Dungeon.
             The game lasted 00:06:20 (1995 turns).

MrRokkomies the Gusty (Tengu Air Elementalist)      Turns: 1995, Time: 00:06:20

Health: -1/36      AC:  2    Str: 15    XL:     4   Next: 55%
Magic:  2/8        EV: 12    Int: 15    God:
Gold:   116        SH:  0    Dex:  9    Spells: 1/7 levels left

rFire    . . .     SeeInvis .   j - +1 spear
rCold    . . .     Gourm    .   (no shield)
rNeg     . . .     Faith    .   a - +0 robe
rPois    .         Spirit   .   (helmet restricted)
rElec    .         Reflect  .   (no cloak)
rCorr    .         Harm     .   (no gloves)
MR       .....                  (boots unavailable)
Stlth    ..........             (no amulet)
HPRegen  0.12/turn              l - -5 ring of dexterity (curse)
MPRegen  0.11/turn              (no ring)

@: berserking, very quick
A: beak, talons 3
a: no special abilities


You were on level 2 of the Dungeon.
You were not hungry.

You visited 1 branch of the dungeon, and saw 3 of its levels.

You collected 116 gold pieces.

Inventory:

Hand Weapons
 d - a +0 dagger
 j - a +1 spear (weapon)
Missiles
 g - 3 boomerangs
 h - 12 poisoned darts (quivered)
Armour
 a - a +0 robe (worn)
Jewellery
 l - a cursed -5 ring of dexterity (left hand)
Scrolls
 f - 2 scrolls of teleportation
Potions
 e - a potion of agility {unknown}
 i - a potion of heal wounds {unknown}
 k - a potion of haste {unknown}
Comestibles
 c - 5 rations


   Skills:
 - Level 2.1 Dodging
 - Level 2.0 Stealth
 - Level 2.0 Spellcasting
 * Level 4.0 Conjurations
 * Level 5.6 Air Magic


You had one spell level left.
You knew the following spells:

 Your Spells              Type           Power        Failure   Level  Hunger
a - Shock                 Conj/Air       ###.         3%          1    #......
b - Swiftness             Chrm/Air       #.......     11%         2    ###....
c - Static Discharge      Conj/Air       ###.....     9%          3    ###....

Your spell library contained the following spells:

 Spells                   Type           Power        Failure   Level  Hunger
 Airstrike                Air            ###.......   22%         4    #####..
 Lightning Bolt           Conj/Air       ###.......   63%         5    ######.


Dungeon Overview and Level Annotations

Branches:
Dungeon (3/15)

Altars:
Gozag

Shops:
D:3 *


Innate Abilities, Weirdness & Mutations

You have a beak for a mouth.
You have claws for feet.


Message History

The orc shouts!
The orc wizard misses you.
An orc comes into view. It is wielding a +0 club.
The orc hits you.
* * * LOW HITPOINT WARNING * * *
Unknown command.
The orc wizard hits you with a +0 dagger.
* * * LOW HITPOINT WARNING * * *
The orc barely misses you.
You climb upwards.
There is a stone staircase leading down here.
Unknown command.
Casting: Static Discharge (safe; 9% risk of failure)
Confirm with . or Enter, or press ? or * to list all spells.
You don't have enough magic to cast that spell.
It was a potion of berserk rage.
A red film seems to cover your vision as you go berserk!
You feel yourself moving faster!
You feel mighty! The orc wizard completely misses you. The orc misses you.
The orc hits you.
You die...

#. #. #. #.
###########.
#...........
##########.###.......
#......##..##..######
#..o@.(........######
#..o.o.#..####.##....
#.....)..#####....###
#######)## #....###
###.# #.#.##
#...####(#.#
#.#...#..#.#
#.#...รท.##.#
##...#.####.#


You could see an orc wizard and 2 orcs.

Vanquished Creatures
  4 adders (D:2)
  An ooze (D:1)
  A worm (D:2)
  A dart slug (D:2)
  An orc (D:3)
  4 bats (D:1)
  A bat zombie (D:2)
  2 giant cockroaches
  6 goblins
  4 hobgoblins
  3 jackals (D:2)
  2 ball pythons
  5 frilled lizards
  2 kobolds (D:2)
  A quokka zombie (D:2)
  5 rats
43 creatures vanquished.

Notes
Turn   | Place    | Note
-------+----------+-------------------------------------------
     0 | D:1      | MrRokkomies the Tengu Air Elementalist began the quest for
                  | the Orb.
     0 | D:1      | Reached XP level 1. HP: 10/10 MP: 4/4
   112 | D:1      | Reached XP level 2. HP: 15/15 MP: 6/6
   140 | D:1      | Learned a level 2 spell: Swiftness
   895 | D:2      | Reached XP level 3. HP: 19/19 MP: 7/7
   983 | D:2      | Reached skill level 5 in Air Magic
  1266 | D:2      | Reached XP level 4. HP: 19/24 MP: 4/8
  1652 | D:2      | Learned a level 3 spell: Static Discharge
  1696 | D:3      | Found Gozag's Platinum Reserve.
  1696 | D:3      | Found an opulent altar of Gozag.
  1993 | D:3      | HP: 1/24 [orc wizard/+0 dagger (4)]
  1995 | D:2      | Slain by an orc

Levels and vault maps discovered:
D:1:      dpeg_arrival_signposts, layout_rooms
D:2:      layout_rooms, serial_corexii_hall, corexii_hall_statues_s,
          corexii_hall_statues_l, minmay_vboxes
D:3:      layout_rooms, nicolae_gozag_zags_fifth_avenue, first_ration,
          kennysheep_crisscross

Skill      XL: |  1  2  3  4 |
---------------+-------------+-----
Conjurations   | 2 3 4 |  4.0
Air Magic      | 5 |  5.6
Dodging        | |  2.1
Stealth        | |  2.0
Spellcasting   | |  2.0

Action                   |  1- 3 |  4- 6 || total
-------------------------+-------+-------++-------
Melee: Unarmed           |    44 |       ||    44
       Kick              |    19 |     4 ||    23
       Peck              |     5 |       ||     5
       Dagger            |     8 |       ||     8
       Spear             |    17 |    21 ||    38
Throw: Dart              |     3 |       ||     3
 Cast: Shock             |    17 |     4 ||    21
       Static Discharge  |       |     4 ||     4
  Use: Scroll            |     3 |       ||     3
       Potion            |     1 |     1 ||     2
 Stab: Sleeping          |     5 |     2 ||     7
  Eat: Chunk             |     1 |     1 ||     2
       Ration            |       |     1 ||     1
Armor: Robe              |    19 |     3 ||    22
Dodge: Dodged            |    58 |    30 ||    88

Table legend:
 A = Non-vault XP
 B = Vault XP
 C = Vault XP percentage of total XP
 D = Non-vault monster count
 E = Vault monster count
 F = Vault count percentage of total count
                 A         B        C        D         E       F
            +---------+---------+-------+---------+---------+-------
      Total |     103 |      25 |  19.5 |      37 |       6 |  14.0
            +---------+---------+-------+---------+---------+-------
        D:1 |      28 |       0 |   0.0 |      15 |       0 |   0.0
        D:2 |      68 |      25 |  26.9 |      18 |       6 |  25.0
        D:3 |       7 |       0 |   0.0 |       4 |       0 |   0.0
            +---------+---------+-------+---------+---------+-------
